 Dungeon Crawl Stone Soup version 0.28.0-49-g6dfe1f597d (webtiles) character file.

Game seed: 13833433715483656389

52 GigaChad the Covered (level 3, 0/33 HPs)
             Began as a Minotaur Fighter on May 11, 2022.
             Succumbed to Crazy Yiuf's poison
             ... on level 2 of the Dungeon.
             The game lasted 00:01:43 (689 turns).

GigaChad the Covered (Minotaur Fighter)              Turns: 689, Time: 00:01:44

Health: 0/33       AC:  7    Str: 20    XL:     3   Next: 60%
Magic:  2/2        EV:  9    Int:  5    God:
Gold:   67         SH:  4    Dex: 11    Spells: 2/2 levels left

rFire   . . .      SeeInvis .   a - +0 long sword
rCold   . . .      Faith    .   c - +0 buckler
rNeg    . . .      Spirit   .   b - +0 scale mail
rPois   .          Reflect  .   (helmet restricted)
rElec   .          Harm     .   (no cloak)
rCorr   .          Rampage  .   (no gloves)
Will    .....                   (no boots)
Stlth   ..........              (no amulet)
HPRegen 0.11/turn               (no ring)
MPRegen 0.08/turn               (no ring)

@: lethally poisoned (0 -> -3)
A: horns 2, retaliatory headbutt
a: no special abilities


You were on level 2 of the Dungeon.
You visited 1 branch of the dungeon, and saw 2 of its levels.

You collected 67 gold pieces.

Inventory:

Hand Weapons
 a - a +0 long sword (weapon)
 i - a +2 quarterstaff of chaos
Armour
 b - a +0 scale mail (worn)
 c - a +0 buckler (worn)
Scrolls
 e - a scroll of vulnerability {unknown}
 f - a scroll of enchant weapon {unknown}
 g - a scroll of amnesia {unknown}
Potions
 d - a potion of might
 h - a potion of lignification {unknown}


   Skills:
 + Level 4.1 Fighting
 + Level 3.1 Long Blades
 + Level 4.3 Armour
 + Level 0.3 Dodging
 + Level 4.1 Shields


You had 2 spell levels left.
You didn't know any spells.
Your spell library was empty.

Dungeon Overview and Level Annotations

Branches:
Dungeon (2/15)

Altars:


Innate Abilities, Weirdness & Mutations

You have a pair of horns on your head.
You reflexively headbutt those who attack you in melee.


Message History

You see here a +0 dagger.
Found an escape hatch in the floor.
Found a mace.
Found a runed translucent door.
Crazy Yiuf shouts!
You now have 57 gold pieces (gained 13).
Found a stone staircase leading up.
h - a viscous yellow potion You now have 67 gold pieces (gained 10).
Crazy Yiuf shouts!
You open the door. You slash Crazy Yiuf!
Crazy Yiuf is heavily wounded.
Crazy Yiuf hits you with a +2 quarterstaff of chaos.
Crazy Yiuf freezes you.
You closely miss Crazy Yiuf.
Crazy Yiuf is heavily wounded.
Crazy Yiuf hits you with a +2 quarterstaff of chaos!
Crazy Yiuf freezes you.
Crazy Yiuf flaps his cloak.
Crazy Yiuf hits you with a +2 quarterstaff of chaos!
* * * LOW HITPOINT WARNING * * *
You are lethally poisoned!
You closely miss Crazy Yiuf.
Crazy Yiuf is heavily wounded.
* * * LOW HITPOINT WARNING * * *
You feel sick. Crazy Yiuf closely misses you. You furiously retaliate!
You headbutt Crazy Yiuf!
You kill Crazy Yiuf!
Your Long Blades skill increases to level 3!
You have reached level 3!
Your experience leads to an increase in your attributes!
Increase (S)trength, (I)ntelligence, or (D)exterity?
You feel agile. x2
* * * LOW HITPOINT WARNING * * *
You feel sick.
There is an open translucent door, spattered with blood here.
Things that are here:
a +2 quarterstaff of chaos; a +0 cloak; a sapphire potion
i - a +2 quarterstaff of chaos You die...

#....#
#.#
#...
#PP..#
#.#
####
#..P##
#.#
##.##
#.#
#.##
###
##.#
#.##
##.#
#@#
#...#
#...#
#..)#
#####


There were no monsters in sight!

Vanquished Creatures
  Crazy Yiuf (D:2)
  An adder (D:2)
  2 ball pythons (D:1)
  An endoplasm (D:2)
  A giant cockroach (D:1)
  A goblin (D:2)
  3 hobgoblins
  A quokka (D:1)
  2 bats (D:1)
  3 frilled lizards
  A kobold (D:2)
  2 rats
19 creatures vanquished.

Notes
Turn   | Place    | Note
-------+----------+-------------------------------------------
     0 | D:1      | GigaChad the Minotaur Fighter began the quest for the Orb.
     0 | D:1      | Reached XP level 1. HP: 19/19 MP: 0/0
   166 | D:1      | Reached XP level 2. HP: 24/27 MP: 1/1
   579 | D:2      | Found a runed translucent door.
   580 | D:2      | Noticed Crazy Yiuf
   687 | D:2      | Killed Crazy Yiuf
   688 | D:2      | Reached XP level 3. HP: 2/33 MP: 2/2
   688 | D:2      | HP: 1/33 [poisoned by Crazy Yiuf]
   689 | D:2      | Succumbed to Crazy Yiuf's poison

Illustrated notes

Levels and vault maps discovered:
D:1:      minmay_arrival_solitary_statue, layout_basic,
          hangedman_feature_mirror, lexackson_kobold_supper
D:2:      layout_basic, minmay_tetromino_s4, uniq_terence,
          uniq_crazy_yiuf_cottage

Skill      XL: |  1  2 |
---------------+-------+-----
Armour         | 4 |  4.3
Shields        | 4 |  4.1
Fighting       | 4 |  4.1
Long Blades    | 3 |  3.1
Dodging        | |  0.3

Action                   || total
-------------------------++-------
Melee: Long sword        ||    33
       Headbutt          ||     3
  Use: Scroll            ||     1
Armor: Scale mail        ||    17
Dodge: Dodged            ||    19
Block: Buckler           ||     5
